 Dungeon Crawl Stone Soup version 0.26-a0-639-g72c4674329 (webtiles) character file.

Game seed: 5225369104029429425

279119 Apogee the Eclecticist (level 19, -8/174 HPs)
             Began as a Deep Elf Fire Elementalist on Sept 17, 2020.
             Was the Champion of Vehumet.
             Mangled by a caustic shrike (shapeshifter) (13 damage)
             ... on level 2 of the Depths.
             The game lasted 02:39:49 (61110 turns).

Apogee the Eclecticist (DEFE)                      Turns: 61110, Time: 02:39:49

Health: -8/174     AC: 24    Str:  7    XL:     19   Next: 65%
Magic:  2/42       EV:  2    Int: 30    God:    Vehumet [******]
Gold:   1992       SH:  6    Dex: 13    Spells: 6/52 levels left

rFire    . . .     SeeInvis .   e - staff of conjuration {!a}
rCold    . . .     Faith    .   b - +0 buckler {AC+3}
rNeg     + + +     Spirit   .   (armour currently unavailable)
rPois    +         Reflect  .   (helmet currently unavailable)
rElec    +         Harm     .   (cloak currently unavailable)
rCorr    +         Rampage  .   (gloves currently unavailable)
MR       +....     NoTele   +   (boots currently unavailable)
Stlth    +++++.....             L - amulet of the Air {Inacc +Fly rElec EV+5 RMsl}
HPRegen  0.39/turn              W - ring of resist corrosion
MPRegen  0.28/turn              f - ring of Hyomech {Wiz Int+3}

@: tree-form, corroded, repel missiles
A: clumsy 1, MP-powered wands
}: 2/15 runes: barnacled, gossamer
a: Renounce Religion


You were on level 2 of the Depths.
You worshipped Vehumet.
Vehumet was exalted by your worship.
You were a tree.
You visited 9 branches of the dungeon, and saw 37 of its levels.

You collected 3268 gold pieces.
You spent 1276 gold pieces at shops.

Inventory:

Missiles
 a - 11 throwing nets (quivered) {!f}
Armour
 b - a +0 buckler of protection (worn)
   (You took it off a tengu warrior on level 13 of the Dungeon)
 m - a +0 cloak (melded)
   (You found it on level 2 of the Dungeon)
 A - a +0 kite shield
   (You found it on level 11 of the Dungeon)
 B - a +1 robe of resistance (melded)
   (You took it off a merfolk impaler on level 4 of the Shoals)
 D - a +1 pair of boots (melded)
   (You found it on level 8 of the Dungeon)
 S - a +2 hat of see invisible (melded)
   (You found it on level 2 of the Orcish Mines)
 U - a +1 pair of gloves (melded)
   (You found it on level 4 of the Shoals)
Magical Staves
 e - an uncursed staff of conjuration (weapon) {!a}
   (You took it off a centaur on level 8 of the Dungeon)
Jewellery
 f - the ring of Hyomech (right branch) {Wiz Int+3}
   (You bought it in a shop on level 2 of the Orcish Mines)

   [ring of wizardry]

   It improves your spell success rate.
   It affects your intelligence (+3).
 i - an uncursed ring of protection from fire
   (You found it on level 5 of the Lair of Beasts)
 o - an uncursed ring of protection from cold
   (You found it on level 2 of the Depths)
 p - an uncursed amulet of regeneration
   (You took it off a deep elf knight on level 1 of the Elven Halls)
 q - an uncursed ring of magical power
   (You found it on level 6 of the Dungeon)
 L - the amulet of the Air (around neck) {Inacc +Fly rElec EV+5 RMsl}
   (You found it on level 10 of the Dungeon)

   [amulet of inaccuracy]

   It reduces the accuracy of all your attacks.
   It affects your evasion (+5).
   It insulates you from electricity.
   It lets you fly.
   It protects you from missiles.
 P - an uncursed ring of poison resistance
   (You found it on level 14 of the Dungeon)
 W - a ring of resist corrosion (left branch)
   (You found it on level 3 of the Lair of Beasts)
 Z - a +4 ring of protection
   (You found it on level 13 of the Dungeon)
Wands
 c - a wand of disintegration (7)
   (You found it on level 6 of the Lair of Beasts)
 d - a wand of iceblast (20)
   (You found it on level 9 of the Dungeon)
 u - a wand of paralysis (16)
   (You took it off a wight on level 9 of the Dungeon)
 v - a wand of digging (20)
   (You took it off Maurice on level 11 of the Dungeon)
 G - a wand of polymorph (31)
   (You found it on level 14 of the Dungeon)
Scrolls
 g - 3 scrolls of summoning
 h - 12 scrolls of teleportation {@r4}
 k - 9 scrolls of immolation {!r}
 n - 3 scrolls of enchant weapon
 y - a scroll of fog
 C - 4 scrolls of brand weapon
 F - 13 scrolls of identify {@r1}
 H - 3 scrolls of magic mapping
 M - 5 scrolls of enchant armour
 T - 25 scrolls of remove curse {@r2}
 V - 2 scrolls of silence
 Y - 4 scrolls of amnesia
Potions
 j - 8 potions of curing {@q1}
 l - 2 potions of might
 r - 8 potions of brilliance
 t - a potion of invisibility
 w - 3 potions of haste {@q3}
 z - a potion of ambrosia
 E - a potion of mutation {!q}
 I - 5 potions of lignification {!q}
 O - 2 potions of cancellation
 Q - 2 potions of flight
 R - a potion of resistance
Miscellaneous
 s - a phantom mirror (inert)
   (You found it on level 4 of the Shoals)
 x - a box of beasts (2/3)
   (You found it on level 4 of the Shoals)


   Skills:
 - Level 12.0 Fighting
 - Level 11.0 Staves
 - Level 8.0 Armour
 - Level 10.0 Dodging
 - Level 14.0 Stealth
 + Level 7.4 Shields
 * Level 17.0 Spellcasting
 - Level 16.0 Conjurations
 - Level 4.0 Summonings
 + Level 0.9 Necromancy
 - Level 14.0 Fire Magic
   Level 10.2 Ice Magic
   Level 4.0 Air Magic
 - Level 4.0 Earth Magic
 - Level 4.0 Evocations


You had 6 spell levels left.
You knew the following spells:

 Your Spells              Type           Power        Failure   Level
a - Foxfire               Conj/Fire      ####         0%          1
b - Blink                 Tloc           N/A          1%          2
c - Iron Shot             Conj/Erth      #######...   1%          6
d - Ignition              Fire           #######...   4%          8
e - Spellforged Servitor  Conj/Summ      #######...   3%          7
f - Borgnjor's Vile Clut  Necr/Erth      #####.....   7%          5
i - Iskenderun's Battles  Conj           ########     1%          5
x - Fireball              Conj/Fire      ########..   1%          5
z - Orb of Destruction    Conj           ########..   1%          7

Your spell library contained the following spells:

 Spells                   Type           Power        Failure   Level
 Absolute Zero            Ice            ######....   88%         9
 Tornado                  Air            #####.....   100%        9
 Magic Dart               Conj           ####         0%          1
 Conjure Flame            Conj/Fire      ########     0%          3
 Animate Skeleton         Necr           ####..       1%          1
 Beastly Appendage        Tmut           ####..       1%          1
 Pain                     Necr           ####         1%          1
 Shock                    Conj/Air       ####         1%          1
 Sting                    Tmut/Pois      ####         1%          1
 Call Imp                 Summ           #####...     1%          2
 Poisonous Vapours        Pois/Air       #####.       1%          2
 Slow                     Hex            ####....     1%          2
 Swiftness                Air            #####...     1%          2
 Wereblood                Tmut           ####....     1%          2
 Inner Flame              Hex/Fire       ######..     1%          3
 Mephitic Cloud           Conj/Pois/Air  #######.     1%          3
 Static Discharge         Conj/Air       #######.     1%          3
 Vampiric Draining        Necr           ####......   1%          3
 Airstrike                Air            #####.....   1%          4
 Sticky Flame             Conj/Fire      ########     1%          4
 Bolt of Magma            Conj/Fire/Erth #######...   1%          5
 Lightning Bolt           Conj/Air       #######...   1%          5
 Freezing Cloud           Conj/Ice/Air   #######...   1%          6
 Summon Demon             Summ           #####.....   3%          5
 Animate Dead             Necr           ####......   4%          4
 Yara's Violent Unravell  Hex/Tmut       ####......   5%          5
 Cause Fear               Hex            ####......   7%          4
 Silence                  Hex/Air        #####.....   9%          5
 Summon Forest            Summ/Tloc      #####.....   9%          5
 Summon Mana Viper        Hex/Summ       #####...     9%          5
 Simulacrum               Ice/Necr       ######....   11%         6
 Agony                    Necr           ####....     13%         5
 Shadow Creatures         Summ           N/A          21%         6
 Death Channel            Necr           ####......   54%         6
 Eringya's Noxious Bog    Tmut/Pois      ####......   67%         6
 Summon Hydra             Summ           #####.....   69%         7
 Discord                  Hex            ####......   100%        8
 Shatter                  Erth           #####.....   100%        9


Dungeon Overview and Level Annotations

Branches:
Dungeon (15/15)            Temple (1/1) D:7            Lair (6/6) D:11
 Shoals (4/4) Lair:4       Spider (4/4) Lair:2        Slime (0/5) Lair:5
    Orc (2/2) D:9             Elf (2/3) Orc:2        Vaults (1/5) D:13
 Depths (2/5) D:15

Altars:
Ashenzari
Cheibriados
Dithmenos
Elyvilon
Fedhas
Gozag
Hepliaklqana
Kikubaaqudgha
Makhleb
Nemelex Xobeh
Okawaru
Qazlal
Ru
Sif Muna
Trog
Uskayaw
Vehumet
Wu Jian
Xom
Yredelemnul
Zin
The Shining One
Beogh

Shops:
D:4 }   D:5 =   D:7 ?   D:15 !   Orc:2 =*([   Elf:1 =   Elf:2 *

Portals:
Hell: Depths:1 Depths:2
Abyss: Depths:1
Trove: D:14 (give 6 scrolls of blinking)

Annotations:
D:3 1 runed translucent door, Crazy Yiuf
Depths:1 1 runed translucent door


Innate Abilities, Weirdness & Mutations

((You are partially covered in large bone plates. (SH +4)))
You are clumsy. (Dex -2)
You expend magic power (3 MP) to strengthen your wands.


Message History

You feel a surge of power!
The iron shot hits the caustic shrike!!!
The caustic shrike claws you. The acid corrodes you!
You are splashed with acid.
You block the caustic shrike's attack.
Aim: a caustic shrike shaped shifter (heavily wounded)
You feel a surge of power!
The iron shot misses the caustic shrike.
The caustic shrike completely misses you.
The caustic shrike claws you!! The acid corrodes you!
You are splashed with acid!
Unknown command.
You blink.
Okay, then.
Okay, then.
You're wearing all the rings you can.
Remove which one? (? for menu, Esc to cancel) < or
P - a ring of poison resistance > or
f - the ring of Hyomech {Wiz Int+3} You remove your ring of poison resistance.
W - a ring of resist corrosion (left hand)
The caustic shrike completely misses you.
The caustic shrike closely misses you.
Okay, then.
You block the caustic shrike's attack. The caustic shrike claws you!!
* * * LOW HITPOINT WARNING * * *
You are splashed with acid.
You resist.
* * * LOW HITPOINT WARNING * * *
The caustic shrike claws you!!
* * * LOW HITPOINT WARNING * * *
You are splashed with acid.
You resist.
* * * LOW HITPOINT WARNING * * *
Okay, then.
Here: a caustic shrike shaped shifter (heavily wounded)
The floor, spattered with blood.
Okay, then.
Okay, then.
Really quaff
I - 6 potions of lignification {!q}?
Really quaff the potion of lignification?
You turn into a tree.
Your +0 cloak melds into your body.
Your +2 hat of see invisible melds into your body.
Your +1 pair of gloves melds into your body.
Your +1 pair of boots melds into your body.
Your +1 robe of resistance melds into your body.
You feel less perceptive.
You feel hot and cold all over.
Your roots penetrate the ground.
The caustic shrike claws you!
* * * LOW HITPOINT WARNING * * *
You are splashed with acid.
You resist.
* * * LOW HITPOINT WARNING * * *
The caustic shrike claws you!
You die...

#...#...#
#.≈.#...#
#.†.#...#
##.##...#####
#...........#
#.....#....[#
#...........#
#####...#####
#...#♣..#
#.≈.#b∩.#
#...#...#
##.##...#####
##...........#
#..#......[<.#
##.......).†.#
#####...#####
#...#...+


You could see a caustic shrike shaped shifter.

Vanquished Creatures
  Nikola (Depths:2)
  A deep elf master archer (Depths:2)
  Agnes (Lair:2)
  Frances (Spider:2)
  A storm dragon (Depths:1)
  3 fire giants
  A storm dragon (shapeshifter) (Depths:2)
  2 tengu reavers (Depths:2)
  A balrug (Depths:1)
  A frost giant (Depths:2)
  4 ghost moths
  An orc warlord (Orc:2)
  4 emperor scorpions
  A war gargoyle (Depths:2)
  3 very ugly things (Depths:1)
  An entropy weaver (Spider:4)
  4 stone giants (Depths:1)
  A deep elf annihilator (Depths:2)
  A lorocyproca (Depths:2)
  2 spark wasps
  5 ettins
  5 merfolk javelineers
  A fire dragon (shapeshifter) (Depths:2)
  2 fire dragons (Depths:1)
  8 merfolk impalers
  2 yaktaur captains
  An ice dragon (Depths:2)
  A rakshasa (Depths:2)
  7 hydras
  A spriggan air mage (Depths:2)
  A vault guard (D:14)
  A catoblepas (D:13)
  A juggernaut simulacrum (Depths:2)
  2 merfolk avatars (Shoals:3)
  A catoblepas (shapeshifter) (Depths:2)
  8 merfolk aquamancers
  12 two-headed ogres
  13 dancing weapons
  7 centaur warriors
  An alligator snapping turtle (Shoals:4)
  9 death yaks
  A deep troll shaman (Depths:1)
  5 satyrs
  8 death scarabs (Spider:4)
  2 ogre magi (Depths:1)
  2 deep troll earth magi
  A tengu warrior (D:13)
  An orc high priest (Orc:2)
  Urug (D:13)
  3 deep elf knights (Elf:1)
  2 sun demons (Depths:1)
  A spectral emperor scorpion (Spider:4)
  Sonja (Lair:4)
  12 sea snakes
  An unseen horror (D:13)
  3 deep trolls (Depths:1)
  A wizard (Depths:1)
  8 deep elf archers
  A lindwurm (shapeshifter) (Depths:2)
  21 harpies
  3 spectral wolf spiders (Spider:4)
  17 orb spiders
  25 wolf spiders
  2 oklob plants (D:11)
  An orc knight (Orc:2)
  17 manticores
  37 deep elf magi
  3 orc sorcerers
  3 wolf spider zombies (Spider:4)
  25 fauns
  9 ugly things
  5 cyclopes
  2 moths of wrath (Spider:4)
  Maurice (D:11)
  13 water nymphs
  10 black mambas
  13 merfolk sirens
  3 gargoyles
  2 naga magi (Depths:2)
  7 cane toads
  A torpor snail (Spider:1)
  Psyche (D:9)
  A redback zombie (Spider:4)
  A rime drake (shapeshifter) (D:14)
  A komodo dragon (shapeshifter) (Elf:1)
  2 kobold demonologists (D:12)
  4 spectral redbacks (Spider:4)
  An efreet (D:15)
  5 komodo dragons
  6 yaktaurs
  A tengu conjurer (D:13)
  An anaconda simulacrum (Depths:2)
  17 demonic crawlers
  2 ice devils (D:11)
  4 trolls
  3 meliai (D:13)
  33 jumping spiders
  A queen bee (D:13)
  14 hornets
  A polar bear (shapeshifter) (D:15)
  5 polar bears (Lair:6)
  25 merfolk
  11 slime creatures
  3 spectral tarantellas
  4 spectral jumping spiders (Spider:4)
  8 hippogriffs
  12 wind drakes
  9 snapping turtles
  2 tarantella zombies (Spider:4)
  4 blink frogs
  14 dream sheep
  3 jumping spider zombies (Spider:4)
  Sigmund (D:5)
  26 tarantellas
  A tarantella (shapeshifter) (D:13)
  15 water elementals
  76 redbacks
  2 shadows
  A vampire (D:14)
  16 spriggans (Lair:6)
  2 wraiths (D:13)
  2 wyverns
  3 basilisks
  51 yaks
  A hog (shapeshifter) (D:15)
  A fire elemental (Elf:1)
  A warg (Orc:1)
  A harpy simulacrum (D:15)
  An acid dragon (D:12)
  2 soldier ants
  A swamp worm (shapeshifter) (Depths:2)
  8 water moccasins
  9 porcupines
  A spectral hornet (Spider:4)
  A swamp drake (Orc:2)
  33 orc warriors
  3 sky beasts
  2 black bears (Lair:6)
  An eye of draining (D:11)
  6 necrophages
  4 phantoms
  21 centaurs
  5 ice beasts
  14 ogres
  21 wolves
  8 boggarts
  6 crocodiles
  A big kobold (D:10)
  15 bullfrogs
  A wyvern zombie (D:9)
  2 earth elementals
  A gnoll sergeant (Orc:2)
  4 scorpions
  2 water moccasin skeletons
  22 killer bees
  20 wights
  A troll skeleton (D:13)
  5 spriggan skeletons (D:13)
  4 electric eels
  3 howler monkeys
  2 centaur zombies
  A crimson imp (Orc:2)
  6 hounds
  2 jellies
  5 centaur skeletons
  2 bullfrog skeletons
  23 orc priests
  An iron imp (Orc:2)
  3 iguanas
  27 orc wizards
  16 worker ants
  3 hound skeletons
  A hound zombie (D:6)
  7 gnolls
  11 adders
  5 shadow imps
  4 white imps
  2 ufetubi (D:5)
  2 oozes
  3 worms
  3 dart slugs (D:1)
  5 leopard geckos
  126 orcs
  3 ball pythons
  8 giant cockroaches
  11 goblins
  3 hobgoblins
  15 jackals
  7 quokkas
  5 bats
  2 frilled lizards
  14 kobolds
  A leopard gecko zombie (D:7)
  7 rats
  2 bushes
  A butterfly (Lair:2)
  2 foxfires (Spider:4)
1366 creatures vanquished.

Vanquished Creatures (collateral kills)
  25 foxfires
25 creatures vanquished.

Vanquished Creatures (others)
  A ghost moth (Depths:2)
  A spriggan air mage (Depths:2)
  An orc (D:15)
  1729 foxfires
  40 fungi
  235 plants
2007 creatures vanquished.

Grand Total: 3398 creatures vanquished

Notes
Turn   | Place    | Note
-------+----------+-------------------------------------------
     0 | D:1      | Apogee the Deep Elf Fire Elementalist began the quest for
                  | the Orb.
     0 | D:1      | Reached XP level 1. HP: 10/10 MP: 6/6
   306 | D:1      | Reached XP level 2. HP: 6/15 MP: 0/8
  1178 | D:1      | Reached XP level 3. HP: 19/19 MP: 6/10
  1826 | D:2      | Reached skill level 4 in Spellcasting
  2086 | D:2      | Reached XP level 4. HP: 5/24 MP: 2/12
  2346 | D:2      | Learned a level 4 spell: Sticky Flame
  2874 | D:3      | Reached XP level 5. HP: 28/28 MP: 3/14
  3177 | D:3      | Found a runed translucent door.
  3178 | D:3      | Noticed Crazy Yiuf
  3594 | D:4      | Reached skill level 5 in Spellcasting
  4049 | D:4      | Reached skill level 5 in Fire Magic
  4049 | D:4      | Reached XP level 6. HP: 26/32 MP: 9/16
  4244 | D:4      | Reached skill level 6 in Spellcasting
  4405 | D:4      | Reached XP level 7. HP: 36/36 MP: 7/18
  4496 | D:4      | Found a shattered altar of Ashenzari.
  4667 | D:4      | Found Kyguuwoc's Gadget Shop.
  4672 | D:4      | Reached skill level 5 in Conjurations
  5148 | D:4      | Learned a level 5 spell: Fireball
  5228 | D:5      | Entered Level 5 of the Dungeon
  5371 | D:5      | Reached skill level 7 in Spellcasting
  5877 | D:5      | Found Otouxin's Jewellery Shoppe.
  5888 | D:5      | Noticed Sigmund
  5896 | D:5      | Reached XP level 8. HP: 28/41 MP: 7/21
  5904 | D:5      | Killed Sigmund
  5904 | D:5      | Reached skill level 8 in Spellcasting
  6245 | D:5      | Found a white marble altar of Elyvilon.
  6818 | D:6      | Found a stormy altar of Qazlal.
  6854 | D:6      | HP: 2/41 [centaur (3)]
  7243 | D:6      | Reached skill level 1 in Staves
  7277 | D:5      | Reached skill level 9 in Spellcasting
  7739 | D:6      | HP: 2/41 [ogre/+0 giant spiked club (18)]
  8142 | D:7      | Found Jonaf's Magic Scroll Emporium.
  8150 | D:7      | Reached XP level 9. HP: 41/45 MP: 18/24
  8203 | D:7      | Found a staircase to the Ecumenical Temple.
  8223 | Temple   | Entered the Ecumenical Temple
  8331 | Temple   | Became a worshipper of Vehumet
  8929 | D:7      | Found a shimmering blue altar of Sif Muna.
  9104 | D:7      | Found a glowing silver altar of Zin.
  9334 | D:8      | Reached skill level 10 in Spellcasting
  9338 | D:8      | Reached * piety under Vehumet
  9338 | D:8      | Offered knowledge of Sandblast by Vehumet.
  9434 | D:8      | Noticed a two-headed ogre
  9441 | D:8      | Killed a two-headed ogre
  9646 | D:5      | Bought an uncursed ring of wizardry for 360 gold pieces
 10082 | D:8      | Noticed a two-headed ogre
 10093 | D:8      | Killed a two-headed ogre
 10093 | D:8      | Reached skill level 10 in Conjurations
 10093 | D:8      | Reached skill level 10 in Fire Magic
 10093 | D:8      | Reached XP level 10. HP: 25/51 MP: 22/26
 10098 | D:8      | Reached skill level 1 in Fighting
 10286 | D:8      | HP: 2/52 [ogre/+0 giant club (24)]
 11636 | D:8      | Found an ornate altar of the Wu Jian Council.
 11734 | D:9      | Noticed a two-headed ogre
 11738 | D:9      | Killed a two-headed ogre
 11738 | D:9      | Reached skill level 5 in Dodging
 11927 | D:9      | Noticed Psyche
 11940 | D:9      | Killed Psyche
 12112 | D:9      | Reached skill level 5 in Staves
 12115 | D:9      | Got a brightly glowing ring mail
 12293 | D:9      | Reached ** piety under Vehumet
 12296 | D:9      | Offered knowledge of Searing Ray by Vehumet.
 12515 | D:9      | Found a staircase to the Orcish Mines.
 12628 | D:10     | Entered Level 10 of the Dungeon
 12650 | D:10     | Found the amulet of the Air {Inacc +Fly rElec EV+5 RMsl}
 12961 | D:10     | Offered knowledge of Dazzling Flash by Vehumet.
 12961 | D:10     | Reached XP level 11. HP: 60/60 MP: 27/27
 13498 | D:11     | Noticed a cyan ugly thing
 13506 | D:11     | Killed a cyan ugly thing
 13740 | D:11     | Noticed Maurice
 13742 | D:11     | Killed Maurice
 13968 | D:11     | Reached *** piety under Vehumet
 14121 | D:11     | Found a frozen archway.
 14212 | D:11     | Noticed an oklob plant
 14215 | D:11     | Killed an oklob plant
 14215 | D:11     | Reached skill level 5 in Fighting
 14225 | D:11     | Noticed an oklob plant
 14248 | D:11     | Killed an oklob plant
 14351 | D:11     | Found a staircase to the Lair.
 14549 | D:11     | Identified the +1 ring mail of the Bruised Nightcaps
                  | {rCorr} (You found it on level 9 of the Dungeon)
 14671 | D:12     | Offered knowledge of Hailstorm by Vehumet.
 14765 | D:12     | You fall into a shaft and drop 2 floors!
 14812 | D:14     | Noticed a cyan ugly thing
 14817 | D:14     | Noticed a cyan ugly thing
 14818 | D:14     | Killed a cyan ugly thing
 14883 | D:14     | Noticed a deep elf mage
 14888 | D:14     | Noticed a cyan ugly thing
 14893 | D:14     | Killed a deep elf mage
 14897 | D:14     | Killed a cyan ugly thing
 14901 | D:14     | Noticed a cyan ugly thing
 14905 | D:14     | Noticed a cyan ugly thing
 14918 | D:14     | Killed a red ugly thing
 14925 | D:14     | Killed a cyan ugly thing
 14929 | D:14     | Killed a cyan ugly thing
 15283 | D:14     | Noticed a vault guard
 15293 | D:14     | Killed a vault guard
 15293 | D:14     | Reached XP level 12. HP: 47/71 MP: 22/28
 15418 | D:14     | Found a portal to a secret trove of treasure.
 15522 | D:14     | Found a stormy altar of Qazlal.
 15841 | D:14     | Reached skill level 10 in Dodging
 15971 | D:15     | Entered Level 15 of the Dungeon
 16370 | D:13     | Noticed a centaur warrior
 16372 | D:13     | Killed a centaur warrior
 16377 | D:13     | Reached **** piety under Vehumet
 16377 | D:13     | Noticed a tengu warrior
 16390 | D:13     | Killed a tengu warrior
 16498 | D:13     | Noticed a two-headed ogre
 16505 | D:13     | Killed a two-headed ogre
 16505 | D:13     | Reached skill level 1 in Shields
 16656 | D:13     | Noticed Urug
 16659 | D:13     | Killed Urug
 16666 | D:13     | Found a gate to the Vaults.
 16996 | D:13     | Offered knowledge of Bolt of Magma by Vehumet.
 16997 | D:13     | Noticed a centaur warrior
 17003 | D:13     | Killed a centaur warrior
 17013 | D:13     | Noticed a catoblepas
 17031 | D:13     | Killed a catoblepas
 17308 | D:13     | Learned a level 5 spell: Bolt of Magma
 17915 | D:12     | Reached ***** piety under Vehumet
 18163 | Lair:1   | Entered Level 1 of the Lair of Beasts
 18311 | Lair:1   | Offered knowledge of Lightning Bolt by Vehumet.
 18318 | Lair:1   | Learned a level 5 spell: Lightning Bolt
 18319 | Lair:1   | Reached XP level 13. HP: 80/80 MP: 29/29
 18701 | Lair:1   | Reached skill level 5 in Shields
 18934 | Lair:1   | Reached skill level 10 in Fighting
 19391 | Lair:2   | Reached skill level 1 in Armour
 19627 | Lair:2   | Found a hole to the Spider Nest.
 19658 | Lair:2   | Got a transparent flail
 19932 | Lair:2   | You fall into a shaft and drop 1 floor!
 20195 | Lair:3   | Found a bloodstained altar of Trog.
 20234 | Lair:3   | Reached skill level 5 in Armour
 21015 | Lair:3   | Learned a level 6 spell: Freezing Cloud
 21158 | Lair:4   | Reached skill level 1 in Ice Magic
 21158 | Lair:4   | Reached skill level 1 in Air Magic
 21158 | Lair:4   | Reached skill level 1 in Evocations
 21297 | Lair:4   | Noticed Sonja
 21299 | Lair:4   | Killed Sonja
 21715 | Lair:4   | Found a staircase to the Shoals.
 22728 | Lair:5   | Found a staircase to the Slime Pits.
 23235 | Lair:6   | Entered Level 6 of the Lair of Beasts
 23629 | Lair:6   | Offered knowledge of Orb of Destruction by Vehumet.
 23641 | Lair:5   | Learned a level 7 spell: Orb of Destruction
 23684 | Lair:6   | Reached XP level 14. HP: 88/88 MP: 10/30
 24764 | Lair:6   | Reached skill level 11 in Spellcasting
 25345 | Lair:6   | Identified the +6 flail of Makhleb's Envy {antimagic, rF+}
                  | (You found it on level 2 of the Lair of Beasts)
 26093 | Lair:6   | Got an encrusted leather armour
 26156 | Lair:6   | Reached skill level 12 in Spellcasting
 27341 | D:13     | Learned a level 2 spell: Blink
 27407 | D:13     | Offered knowledge of Conjure Ball Lightning by Vehumet.
 27552 | D:13     | Identified the cursed +1 leather armour of Hir Lode {+Fly
                  | rF+} (You found it on level 6 of the Lair of Beasts)
 27842 | D:13     | Got an ancient ring mail
 28253 | D:15     | Reached XP level 15. HP: 65/93 MP: 6/33
 28397 | D:15     | Found Punnuonn's Distillery.
 28405 | D:15     | Bought 2 potions of flight for 78 gold pieces
 28405 | D:15     | Bought a potion of stabbing for 52 gold pieces
 28417 | D:15     | Found an opulent altar of Gozag.
 29111 | D:15     | Found a staircase to the Depths.
 29587 | Shoals:1 | Entered Level 1 of the Shoals
 30366 | Shoals:1 | Reached skill level 10 in Staves
 30650 | Shoals:1 | Offered knowledge of Lee's Rapid Deconstruction by Vehumet.
 30655 | Shoals:1 | Reached skill level 5 in Ice Magic
 31350 | Shoals:2 | HP: 4/95 [merfolk/+0 trident (17)]
 33134 | Shoals:2 | Offered knowledge of Iron Shot by Vehumet.
 33142 | Shoals:2 | Learned a level 6 spell: Iron Shot
 33201 | Shoals:3 | Reached skill level 1 in Earth Magic
 33203 | Shoals:3 | Reached XP level 16. HP: 101/101 MP: 22/34
 34010 | Shoals:3 | Got a smoking chain mail
 34011 | Shoals:3 | Identified the +4 chain mail of Muttered Phrases {Int+2}
                  | (You found it on level 3 of the Shoals)
 34013 | Shoals:3 | Identified the +4 ring mail "Eliherr" {rC+ rN+ rCorr} (You
                  | found it on level 13 of the Dungeon)
 34108 | Shoals:3 | Reached skill level 10 in Ice Magic
 34815 | Shoals:4 | Entered Level 4 of the Shoals
 34823 | Shoals:4 | Reached skill level 5 in Stealth
 35410 | Shoals:4 | Got a barnacled rune of Zot
 35545 | Shoals:4 | Reached ****** piety under Vehumet
 35550 | Shoals:4 | Offered knowledge of Iskenderun's Battlesphere by Vehumet.
 35557 | Shoals:4 | Learned a level 5 spell: Iskenderun's Battlesphere
 36322 | Shoals:4 | Found a runed translucent door.
 36415 | Shoals:4 | Reached skill level 10 in Stealth
 36747 | Shoals:4 | Identified the Volume of Transformation and Venom
 37783 | Spider:1 | Entered Level 1 of the Spider Nest
 38128 | Spider:1 | Noticed Agnes
 38563 | Lair:2   | Killed Agnes
 38563 | Lair:2   | Reached XP level 17. HP: 75/106 MP: 15/35
 39615 | Spider:1 | Offered knowledge of Spellforged Servitor by Vehumet.
 39635 | Lair:2   | Learned a level 7 spell: Spellforged Servitor
 41505 | Spider:2 | Noticed Frances
 41510 | Spider:2 | Killed Frances
 43188 | Spider:3 | Reached skill level 15 in Conjurations
 43784 | Spider:4 | Entered Level 4 of the Spider Nest
 44913 | Spider:4 | Offered knowledge of Tornado by Vehumet.
 44913 | Spider:4 | Offered knowledge of Ignition by Vehumet.
 44913 | Spider:4 | Offered knowledge of Absolute Zero by Vehumet.
 47113 | D:5      | Bought an uncursed ring of see invisible for 180 gold
                  | pieces
 47397 | Spider:3 | Paralysed by a hornet for 2 turns
 48217 | Spider:4 | Reached XP level 18. HP: 112/112 MP: 18/36
 50508 | Spider:4 | Got a gossamer rune of Zot
 50786 | Orc:1    | Entered Level 1 of the Orcish Mines
 50786 | Orc:1    | Found a roughly hewn altar of Beogh.
 50799 | Orc:1    | Learned a level 8 spell: Ignition
 51025 | Orc:2    | Entered Level 2 of the Orcish Mines
 51025 | Orc:2    | Found a staircase to the Elven Halls.
 51345 | Orc:2    | Got a twisted hat
 51351 | Orc:2    | Identified the +0 hat "Syhejorph" {Str+2} (You found it on
                  | level 2 of the Orcish Mines)
 51354 | Orc:2    | Got a scorched hat
 51365 | Orc:2    | Identified the -5 hat of Instinct {MR+++ Str-5 Int+3 Dex+2}
                  | (You found it on level 2 of the Orcish Mines)
 51443 | Orc:2    | Found a roughly hewn altar of Beogh.
 51636 | Orc:2    | Found a roughly hewn altar of Beogh.
 51842 | Orc:2    | Gained mutation: You have an increased reservoir of magic.
                  | (+10% MP) [a neqoxec]
 51843 | Orc:2    | Gained mutation: You are dopey. (Int -2) [a neqoxec]
 51947 | Orc:2    | Lost mutation: You are dopey. (Int -2) [potion of mutation]
 51947 | Orc:2    | Lost mutation: You have an increased reservoir of magic.
                  | (+10% MP) [potion of mutation]
 51947 | Orc:2    | Gained mutation: You are clumsy. (Dex -2) [potion of
                  | mutation]
 51947 | Orc:2    | Gained mutation: You expend magic power (3 MP) to
                  | strengthen your wands. [potion of mutation]
 51947 | Orc:2    | Gained mutation: You are partially covered in large bone
                  | plates. (SH +4) [potion of mutation]
 51992 | Orc:2    | Found Kira's Antique Weapon Shoppe.
 51993 | Orc:2    | Found a roughly hewn altar of Beogh.
 51995 | Orc:2    | Found Ceedaecs's Antique Armour Emporium.
 52086 | Orc:2    | Found a roughly hewn altar of Beogh.
 52105 | Orc:2    | Found Neduow Cojy's Jewellery Shop.
 52152 | Orc:2    | Bought the ring of Hyomech {Wiz Int+3} for 606 gold pieces
 52678 | Orc:2    | Found a roughly hewn altar of Beogh.
 52826 | Orc:2    | Found a roughly hewn altar of Beogh.
 52847 | Orc:2    | Found a roughly hewn altar of Beogh.
 52848 | Orc:2    | Found Weosihoniz's General Store.
 52972 | Elf:1    | Entered Level 1 of the Elven Halls
 52995 | Elf:1    | Reached skill level 1 in Summonings
 53661 | Elf:1    | Reached skill level 13 in Spellcasting
 54270 | Elf:1    | Found Teebram's Jewellery Emporium.
 55158 | Elf:1    | Found a shimmering blue altar of Sif Muna.
 55263 | Elf:2    | Found Pucelof's Assorted Antiques.
 55615 | Depths:1 | Entered Level 1 of the Depths
 55615 | Depths:1 | Found a runed translucent door.
 55615 | Depths:1 | Noticed a tentacled monstrosity
 56235 | Vaults:1 | Entered Level 1 of the Vaults
 56354 | Depths:1 | Reached skill level 14 in Spellcasting
 57062 | Depths:1 | Reached XP level 19. HP: 116/116 MP: 17/39
 57608 | Depths:1 | Learned a level 5 spell: Borgnjor's Vile Clutch
 57903 | Depths:1 | Reached skill level 15 in Spellcasting
 58516 | Depths:1 | Found a gateway to Hell.
 58655 | Depths:1 | Found a one-way gate to the infinite horrors of the Abyss.
 58906 | Depths:2 | Noticed Nikola
 59342 | Depths:2 | Reached skill level 16 in Spellcasting
 60104 | Depths:2 | Killed Nikola
 61100 | Depths:2 | Reached skill level 17 in Spellcasting
 61100 | Depths:2 | Noticed a caustic shrike
 61100 | Depths:2 | an iron dragon changed into a caustic shrike
 61110 | Depths:2 | HP: 5/174 [acid (4)]
 61110 | Depths:2 | Mangled by a caustic shrike (shapeshifter)

Illustrated notes

Levels and vault maps discovered:
D:1:      minmay_arrival_radiant_lines, layout_basic, minmay_tiny_reverse_x
D:2:      layout_rooms, st_stairs_4
D:3:      layout_basic, uniq_crazy_yiuf_cottage
D:4:      layout_loops_cross, lemuel_round_altar, serial_shops, shop
D:5:      layout_layer_cave, elyvilon_altar_5, serial_shops, shop, uniq_sigmund
D:6:      layout_rooms, grunt_qazlal_clouds, kennysheep_minor_cross
D:7:      layout_rooms, zin_statuary, led_sif_pool,
          minmay_temple_entry_metal_lava, serial_shops, shop
D:8:      minmay_polygon_palace, layout_basic, lemuel_coloured_pillars_altar
D:9:      layout_rooms, hiddenorc1_lemuel, uniq_psyche
D:10:     layout_long_grid
D:11:     layout_roguey, dpeg_oklobed_lair, portal_ice_cave_demonic_guard,
          uniq_maurice
D:12:     layout_loops_cross, serial_bayou_pond_b, minmay_misc_feat_chi,
          kennysheep_crisscross, doesnt_xom_only_xom
D:13:     layout_basic, erik_vaults_1, special_room [special_room_bee],
          hangedman_tell_no_tales, uniq_urug
D:14:     layout_loops_ring, enter_trove_5, minmay_misc_feat_cross, basic_altar,
          columned_hall_lemuel, serial_bayou_pond_a
D:15:     grunt_enter_depths_snipers, layout_basic, serial_shops,
          nicolae_shop_competitors_out_of_business, minmay_crystal_room,
          drop_trap, grunt_gozag_breadcrumbs
Temple:   lightli_temple_of_artemis
Lair:1:   layout_cave_pods, st_stairs_11
Lair:2:   layout_chaotic_city, spider_nest_entry_rubble, serial_rivers,
          chequers_serial_rivers_micro_c, chequers_serial_rivers_room_b,
          chequers_serial_rivers_micro_d, chequers_serial_rivers_micro_c,
          chequers_serial_rivers_small_b, st_stairs_11, lemuel_fruit_fields,
          infiniplex_staircase_pool
Lair:3:   cheibrodos_lair_river_kwai, layout_loops_ring, basic_altar,
          roderic_carrion_pond
Lair:4:   layout_long_grid, elwin_shoals_entry_stream, uniq_sonja
Lair:5:   layout_gridlike, minmay_slime_entry_pillars, beast_lair_carwin_11,
          serial_bayou_shore_b
Lair:6:   minmay_lair_end_enchanted_forest, layout_misc_corridors,
          grunt_megastairs_2, infiniplex_staircase_pool_2
Shoals:1: layout_shoals
Shoals:2: layout_shoals, nicolae_shoals_aquamancer_cove
Shoals:3: layout_shoals
Shoals:4: shoals_end_simple, layout_shoals, lightli_airlock
Spider:1: layout_spider_delve, uniq_agnes
Spider:2: layout_spider_delve, uniq_frances
Spider:3: layout_spider_delve
Spider:4: floodkiller_spider_rune_tomb
Orc:1:    layout_diamond_mine, basic_altar, abandoned_shop, minmay_orc_temple_a
Orc:2:    grunt_orc_community_town_hall, layout_caves,
          grunt_orc_community_big_house_2, grunt_orc_community_big_house_1,
          grunt_orc_community_house_3, grunt_orc_community_house_1,
          grunt_orc_community_house_1, grunt_orc_community_house_1,
          grunt_orc_community_house_2, grunt_orc_community_house_1, basic_altar,
          hangedman_minor_magic
Elf:1:    elf_arrival_001, layout_gridlike, serial_shops, nicolae_shop_stone,
          minivault_28, lemuel_statue_altar
Elf:2:    layout_geoelf_grid, lightli_enter_wizlab_magi_temple, serial_shops,
          shop, basic_altar, minivault_16
Vaults:1: ontoclasm_vaults_spin, hangedman_vaults_cutoff,
          hangedman_vaults_stretched_pinwheel, v_misc_17, v_misc_26,
          vaults_dpeg_ring, ontoclasm_vaults_chip,
          ontoclasm_vaults_loading_screen, grunt_vaults_hallway_short,
          layout_vaults_omnigrid
Depths:1: layout_cave_shapes, grunt_decor_mini_mirrors, lightli_too_deep,
          abyss_entry_crystal, grunt_decor_cap, serial_sigils_hangedman_leer,
          kennysheep_treasure_room
Depths:2: hangedman_crystal_crosses_colossus [crystal_crosses_arms_four,
          crystal_crosses_arms_two, crystal_crosses_arms_one,
          crystal_crosses_arms_one], hell_entry, uniq_nikola

Skill      XL: |  1  2  3  4  5  6  7  8  9 10 11 12 13 14 15 16 17 18 19 |
---------------+----------------------------------------------------------+-----
Conjurations   | 2 3 4 6 7 10 12 16 | 16.0
Spellcasting   | 4 5 6 7 9 10 12 14 17 | 17.0
Fire Magic     | 4 5 6 8 10 11 12 14 | 14.0
Staves         | 2 5 8 11 | 11.0
Fighting       | 3 6 9 10 12 | 12.0
Dodging        | 6 9 10 | 10.0
Shields        | 4 5 7 |  7.4
Armour         | 6 8 |  8.0
Ice Magic      | 4 7 10 | 10.2
Air Magic      | 3 4 |  4.0
Evocations     | 4 |  4.0
Earth Magic    | 1 4 |  4.0
Stealth        | 10 11 13 14 | 14.0
Summonings     | 4 |  4.0
Necromancy     | |  0.9

Action                   |  1- 3 |  4- 6 |  7- 9 | 10-12 | 13-15 | 16-18 | 19-21 || total
-------------------------+-------+-------+-------+-------+-------+-------+-------++-------
Melee: Spear             |    34 |     6 |     8 |       |       |       |       ||    48
       Staff             |       |       |    38 |   109 |   180 |   279 |    23 ||   629
 Cast: Foxfire           |   116 |   142 |   190 |   235 |   317 |   113 |     2 ||  1115
       Sticky Flame      |       |       |    49 |    65 |   166 |    22 |       ||   302
       Fireball          |       |       |       |    96 |   259 |   273 |     7 ||   635
       Bolt of Magma     |       |       |       |    10 |       |       |       ||    10
       Lightning Bolt    |       |       |       |       |    20 |       |       ||    20
       Orb of Destructio |       |       |       |       |    10 |     5 |    37 ||    52
       Freezing Cloud    |       |       |       |       |    13 |     2 |       ||    15
       Blink             |       |       |       |       |     2 |     1 |     2 ||     5
       Iron Shot         |       |       |       |       |       |   445 |    91 ||   536
       Iskenderun's Batt |       |       |       |       |       |     8 |       ||     8
       Spellforged Servi |       |       |       |       |       |     1 |       ||     1
       Ignition          |       |       |       |       |       |    15 |     2 ||    17
       Borgnjor's Vile C |       |       |       |       |       |       |     1 ||     1
Evoke: Wand              |       |       |       |     8 |       |    23 |    16 ||    47
       Box of beasts     |       |       |       |       |       |     1 |     1 ||     2
       Phantom mirror    |       |       |       |       |       |       |     1 ||     1
  Use: Scroll            |       |       |     8 |    17 |    14 |    12 |     5 ||    56
       Potion            |       |       |     2 |     1 |       |     7 |     7 ||    17
 Stab: Sleeping          |     2 |       |       |       |     1 |     1 |       ||     4
       Paralysed         |       |       |       |       |       |     1 |       ||     1
       Distracted        |       |       |       |       |       |     1 |       ||     1
Armor: Robe              |     4 |       |    29 |    29 |    38 |   126 |    11 ||   237
       Leather armour    |       |     3 |     2 |       |       |       |       ||     5
       Skin              |       |       |       |       |       |     9 |       ||     9
Dodge: Dodged            |    32 |    13 |    84 |   195 |   297 |   635 |    90 ||  1346
       Repelled          |       |       |       |     1 |     1 |     7 |     7 ||    16
Block: Buckler           |       |       |       |       |    65 |   176 |    36 ||   277

Table legend: (Time is in decaauts)
 A = Elapsed time spent in this place.
 B = Non-inter-level travel time spent in this place.
 C = Inter-level travel time spent in this place.
 D = Time resting spent in this place.
 E = Time spent auto-exploring this place.
 F = Levels seen in this place.
 G = Mean time per level.
                   A        B        C        D        E       F      G
               +--------+--------+--------+--------+--------+-----+--------+
         Total |  61497 |  57253 |   4244 |  24160 |  23494 |  37 | 1662.1 |
       Dungeon |  22160 |  20045 |   2115 |   5239 |  11793 |  15 | 1477.3 |
        Temple |    125 |    112 |     13 |      0 |     90 |   1 |  125.0 |
          Lair |  12415 |  11387 |   1028 |   4883 |   5025 |   6 | 2069.2 |
        Shoals |   7562 |   7086 |    476 |   3745 |   1944 |   4 | 1890.5 |
   Spider Nest |  10364 |   9948 |    416 |   6136 |   1749 |   4 | 2591.0 |
  Orcish Mines |   2638 |   2580 |     58 |    949 |   1038 |   2 | 1319.0 |
   Elven Halls |   1940 |   1843 |     97 |    704 |    799 |   2 |  970.0 |
        Vaults |      1 |      1 |      0 |      0 |      0 |   1 |    1.0 |
        Depths |   4289 |   4251 |     38 |   2503 |   1055 |   2 | 2144.5 |
               +--------+--------+--------+--------+--------+-----+--------+

Top non-repeatable levels by time:
Spider:4: 4191 daAuts
  Lair:2: 3568 daAuts
Spider:3: 3158 daAuts
Depths:1: 2977 daAuts
     D:8: 2536 daAuts
  Lair:5: 2400 daAuts
   Orc:2: 2386 daAuts
    D:14: 2376 daAuts
     D:5: 2154 daAuts
Shoals:1: 2135 daAuts
  Lair:6: 2033 daAuts
    D:13: 2019 daAuts
   Elf:1: 1912 daAuts
    D:15: 1854 daAuts
Shoals:2: 1853 daAuts
